 Dungeon Crawl Stone Soup version 0.31-a0-265-gcf7e37af1d (webtiles) character file.

Game seed: 9024501630001538578

55 qw the Shooter (level 3, 0/29 HPs)
             Began as a Minotaur Hexslinger on July 13, 2023.
             Shot with a sling bullet by a goblin (5 damage)
             ... on level 3 of the Dungeon.
             The game lasted 00:00:33 (1396 turns).

qw the Shooter (Minotaur Hexslinger)                Turns: 1396, Time: 00:00:34

Health: 0/29       AC:  5    Str: 12    XL:     3   Next: 67%
Magic:  3/3        EV: 11    Int: 10    God:
Gold:   97         SH:  0    Dex: 14    Spells: 3/4 levels left

rFire   . . .        Y - +1 sling
rCold   . . .        (no shield)
rNeg    . . .        h - +0 ring mail
rPois   .            (helmet restricted)
rElec   .            (no cloak)
rCorr   .            (no gloves)
SInv    .            (no boots)
Will    +....        (no amulet)
Stlth   +            c - ring of willpower
HPRegen 0.24/turn    (no ring)
MPRegen 0.08/turn

%: no passive effects
@: no status effects
A: horns 2, retaliatory headbutt
a: no special abilities


You were on level 3 of the Dungeon.
You visited 1 branch of the dungeon, and saw 3 of its levels.

You collected 97 gold pieces.


Innate Abilities, Weirdness & Mutations

You have a pair of horns on your head.
You reflexively headbutt those who attack you in melee.


   Skills:
 - Level 2.0 Fighting
 + Level 4.0 Ranged Weapons
 - Level 1.0 Armour
 - Level 2.1 Dodging
 - Level 1.0 Spellcasting
 - Level 2.0 Hexes


You had 3 spell levels left.
You knew the following spells:

 Your Spells              Type           Power      Damage    Failure   Level
a - Slow                  Hex            16%        N/A       34%         1

Your spell library contained the following spells:

 Spells                   Type           Power      Damage    Failure   Level
 Inner Flame              Hex/Fire       2%         N/A       83%         3
 Portal Projectile        Hex/Tloc       4%         N/A       83%         3
 Cause Fear               Hex            2%         N/A       98%         4

Inventory:

Hand Weapons
 Y - a +1 sling (weapon)
Armour
 h - a +0 ring mail (worn)
Jewellery
 c - a ring of willpower (left hand)
Scrolls
 a - a scroll of identify
 f - a scroll of enchant weapon {unknown}
Potions
 b - a potion of resistance
 d - a potion of degeneration {unknown}
 e - a potion of curing {unknown}
 g - a potion of lignification {unknown}

Dungeon Overview and Level Annotations

Branches:
Dungeon (3/15)

Altars:


Message History

You shoot a sling bullet.
The sling bullet closely misses the goblin.
The goblin shouts!
The goblin shoots a sling bullet.
The sling bullet hits you.
The goblin shoots a sling bullet.
The sling bullet hits you.
The goblin shoots a sling bullet.
The sling bullet hits you but does no damage.
You shoot a sling bullet.
The sling bullet barely misses the goblin.
The goblin shoots a sling bullet.
The sling bullet closely misses you.
The goblin shoots a sling bullet.
The sling bullet barely misses you.
The goblin shoots a sling bullet.
The sling bullet hits you.
A goblin comes into view. It is wielding a +0 sling.
The goblin shoots a sling bullet.
The sling bullet hits you.
The goblin shoots a sling bullet.
The sling bullet hits you but does no damage.
You shoot a sling bullet.
The sling bullet barely misses the goblin.
The goblin shouts!
The sling bullet hits the goblin.
The goblin is heavily wounded.
You hear a shout!
The goblin shoots a sling bullet.
The sling bullet hits you.
The goblin shoots a sling bullet.
The sling bullet barely misses you.
A goblin comes into view. It is wielding a +0 sling.
The goblin shoots a sling bullet.
The sling bullet hits you.
You shoot a sling bullet. The sling bullet hits the goblin!
You kill the goblin!
The goblin shoots a sling bullet.
The sling bullet hits you.
Your Armour skill increases to level 1!
You shoot a sling bullet.
The sling bullet barely misses the goblin.
The goblin shoots a sling bullet.
The sling bullet barely misses you.
The goblin shoots a sling bullet.
The sling bullet completely misses you.
You shoot a sling bullet.
The sling bullet barely misses the goblin.
The goblin shoots a sling bullet.
The sling bullet hits you but does no damage.
The goblin shoots a sling bullet.
The sling bullet hits you.
You die...

~~~~~~~~~~ .....
~~.~~~..~. )...
.......... ...g
........... #
###..###........<## +.
+.gg............... #..
#................##
#...#..........###+#.#
#....@........# #.#
#.#.#.........# ...
#.#.........# #.##
.........###.###.......#
....
}._.}....#.....#[......#
#
.........#######.......#
8.}.8....~~~~~~~.#######
.........#######.## .
#.......#.....#..# . .


You could see 3 goblins.

Vanquished Creatures
  An adder (D:3)
  A worm (D:2)
  An orc (D:2)
  4 ball pythons
  3 bats
  3 endoplasms
  3 giant cockroaches
  6 hobgoblins
  3 jackals (D:3)
  3 kobolds
  2 quokkas (D:2)
  A frilled lizard (D:2)
  3 goblins
  2 rats
36 creatures vanquished.

Notes
Turn   | Place    | Note
-------+----------+-------------------------------------------
     0 | D:1      | qw the Minotaur Hexslinger began the quest for the Orb.
     0 | D:1      | Reached XP level 1. HP: 16/16 MP: 1/1
     0 | D:1      | 0 ||| qw: Version: 0.3-a-52-g30416fa
     0 | D:1      | 0 ||| qw: Game counter: 7603
     0 | D:1      | 0 ||| qw: Melee chars always use a shield: true
     0 | D:1      | 0 ||| qw: God list: Okawaru
     0 | D:1      | 0 ||| qw: Allow faded altars: false
     0 | D:1      | 0 ||| qw: Do Orc after clearing Dungeon:15 true
     0 | D:1      | 0 ||| qw: Do second Lair branch before Depths: true
     0 | D:1      | 0 ||| qw: Lair rune preference: random
     0 | D:1      | 0 ||| qw: Goals: Normal
     0 | D:1      | 0 ||| PLANNING D:1-11
   216 | D:1      | Reached skill level 3 in Ranged Weapons
   216 | D:1      | Reached XP level 2. HP: 23/23 MP: 2/2
   585 | D:1      | 585 ||| UPGRADING to +0 ring mail.
   595 | D:1      | 595 ||| DROPPING +0 robe.
   596 | D:1      | 596 ||| READING scroll labelled VYADDUA CAOLU.
   597 | D:1      | 597 ||| READING scroll labelled SUSATERULE.
   602 | D:1      | 602 ||| READING 2 scrolls labelled GUJ OLIT YRGH.
   603 | D:1      | 603 ||| READING scroll labelled UCOYLENASUL.
   604 | D:1      | 604 ||| READING scroll labelled VAUTTUZECE.
   605 | D:1      | 605 ||| READING scroll labelled ACWUSOMAOT.
   606 | D:1      | 606 ||| DRINKING 2 brown potions.
   607 | D:1      | 607 ||| DROPPING scroll of poison.
   608 | D:1      | 608 ||| DROPPING scroll of revelation.
   609 | D:1      | 609 ||| DROPPING potion of brilliance.
   805 | D:2      | Reached XP level 3. HP: 29/29 MP: 3/3
  1147 | D:2      | 1147 ||| UPGRADING to ring of willpower.
  1148 | D:2      | 1148 ||| READING 2 scrolls of identify.
  1148 | D:2      | 1148 ||| IDENTIFYING emerald potion
  1164 | D:3      | 1164 ||| STAIRDANCE
  1207 | D:3      | Reached skill level 4 in Ranged Weapons
  1362 | D:3      | Found a faded altar of an unknown god.
  1393 | D:3      | HP: 7/29 [goblin/sling bullet (2)]
  1395 | D:3      | Reached skill level 1 in Armour
  1396 | D:3      | Shot with a sling bullet by a goblin

Levels and vault maps discovered:
D:1:      lemuel_arrival_rhombus, layout_loops_ring, hangedman_decor_slide_cut
D:2:      layout_basic
D:3:      minmay_goblin_kobold_castle, layout_basic,
          hellmonk_ecumenical_altar_dog_temple, minmay_door_square,
          nrook_mini_backslash, grunt_decor_cap

Skill      XL: |  1  2  3 |
---------------+----------+-----
Ranged Weapons | 3 4 |  4.0
Fighting       | 2 |  2.0
Armour         | 1 |  1.0
Dodging        | |  2.1
Spellcasting   | |  1.0
Hexes          | |  2.0

Action                     || total
---------------------------++-------
   Fire: Sling             ||   118
    Use: Scroll            ||     7
         Potion            ||     1
 Armour: Robe              ||     8
         Ring mail         ||    19
  Dodge: Dodged            ||    48

Table legend:
 A = Non-vault XP
 B = Vault XP
 C = Vault XP percentage of total XP
 D = Non-vault monster count
 E = Vault monster count
 F = Vault count percentage of total count
                 A         B        C        D         E       F
            +---------+---------+-------+---------+---------+-------
      Total |      71 |       8 |  10.1 |      32 |       4 |  11.1
            +---------+---------+-------+---------+---------+-------
        D:1 |      24 |       0 |   0.0 |      13 |       0 |   0.0
        D:2 |      28 |       0 |   0.0 |      15 |       0 |   0.0
        D:3 |      19 |       8 |  29.6 |       4 |       4 |  50.0
            +---------+---------+-------+---------+---------+-------
